 Dungeon Crawl Stone Soup version 0.18-a0-1171-ga8e22e7 (webtiles) character file.

85 M4edhros the Sneak (level 4, -2/28 HPs)
             Began as an Octopode Artificer on Jan 26, 2016.
             Slain by tasslehoff34's ghost (4 damage)
             ... on level 3 of the Dungeon.
             The game lasted 00:01:25 (1202 turns).

M4edhros the Sneak (Octopode Artificer)             Turns: 1202, Time: 00:01:25

Health: -2/28      AC:  1    Str: 10    XL:     4   Next: 48%
Magic:  6/6        EV: 12    Int: 15    God:
Gold:   130        SH:  0    Dex: 12    Spells: 0 memorised, 3 levels left

rFire  . . .     SeeInvis .     a - +0 short sword
rCold  . . .     Gourm    .     (no shield)
rNeg   . . .     Faith    .     (helmet restricted)
rPois  .         Spirit   .     (no amulet)
rElec  .         Dismiss  .     (no ring)
rCorr  .         Reflect  .     (no ring)
SustAt .         Harm     .     (no ring)
MR     .....                    (no ring)
Stlth  ++++......               (no ring)
                                (no ring)
                                (no ring)
                                (no ring)

@: not resistant to hostile enchantments, stealthy
A: almost no armour, amphibious, 8 rings, constrict 8, camouflage 1, gelatinous
body 1
a: no special abilities


You were on level 3 of the Dungeon.
You were not hungry.

You visited 1 branch of the dungeon, and saw 3 of its levels.

You collected 130 gold pieces.

Inventory:

Hand Weapons
 a - a +0 short sword (weapon)
 i - a +0 hunting sling
Missiles
 e - 66 stones (quivered)
Wands
 b - a wand of flame (15/48)
 c - a wand of enslavement (12/24)
 d - a wand of random effects (15/48)
Scrolls
 g - a scroll of immolation {unknown}
 h - 3 scrolls of identify {unknown}
 j - a scroll of magic mapping {unknown}
 n - a scroll of enchant armour {unknown}
Potions
 l - a potion of agility {unknown}
Comestibles
 f - 2 bread rations
 k - 2 meat rations
 m - 2 beef jerkies


   Skills:
 - Level 1.0 Fighting
 - Level 1.0 Short Blades
 * Level 2.0 Slings
 * Level 2.6 Dodging
 * Level 3.7 Stealth
 + Level 3.5 Evocations


You had 3 spell levels left.
You didn't know any spells.

Dungeon Overview and Level Annotations

Branches:
Dungeon (3/15)

Altars:

Annotations:
D:3 tasslehoff34's ghost, amateur DsCK


Innate Abilities, Weirdness & Mutations

You cannot wear most types of armour.
You are amphibious.
You can wear up to eight rings at the same time.
You can use your tentacles to constrict eight enemies at once.
Your skin changes colour to match your surroundings (Stealth).
Your rubbery body absorbs attacks (AC +1).


Message History

You see here a slice of pizza.
You see here 3 fruits.
Read which item? (? for menu, Esc to quit)
Okay, then.
Evoke which item? (* to show all) (? for menu, Esc to quit)
Zapping:
c - a wand of enslavement (14/24)
Press: ? - help, Shift-Dir - straight line, f - tasslehoff34's ghost
Aim: tasslehoff34's ghost, wielding a weapon of chaos (chance to defeat MR: 41%) Tasslehoff34's ghost resists with some effort.
This wand has 13 charges left.
Tasslehoff34's ghost hits you. Tasslehoff34's ghost burns you.
Evoke which item? (* to show all) (? for menu, Esc to quit)
Zapping:
c - a wand of enslavement (13/24)
Press: ? - help, Shift-Dir - straight line, f/p - tasslehoff34's ghost
Aim: tasslehoff34's ghost, wielding a weapon of chaos (chance to defeat MR: 41%) Tasslehoff34's ghost resists with some effort.
This wand has 12 charges left.
Tasslehoff34's ghost hits you!
* * * LOW HITPOINT WARNING * * *
Tasslehoff34's ghost burns you.
You die...

#################
........##..W@..#
###.....#####
#.......#
#.#######
#.##..#####
#.........#
######%##.##
#.....###
#...#....


You could see tasslehoff34's ghost.

Vanquished Creatures
  Jessica (D:3)
  2 adders
  An ooze (D:3)
  A worm (D:3)
  A giant gecko (D:1)
  2 bats (D:3)
  4 giant cockroaches
  3 goblins
  3 hobgoblins
  4 jackals (D:1)
  2 kobolds (D:2)
  2 quokkas
  A ball python (D:1)
  A giant newt (D:1)
  A rat (D:3)
29 creatures vanquished.

Vanquished Creatures (collateral kills)
  A giant newt (D:3)
1 creature vanquished.

Grand Total: 30 creatures vanquished

Notes
Turn   | Place    | Note
--------------------------------------------------------------
     0 | D:1      | M4edhros the Octopode Artificer began the quest for the Orb.
     0 | D:1      | Reached XP level 1. HP: 13/13 MP: 3/3
   604 | D:1      | Reached XP level 2. HP: 18/18 MP: 4/4
   915 | D:2      | Reached skill level 1 in Slings
   944 | D:2      | Reached XP level 3. HP: 16/23 MP: 5/5
  1017 | D:3      | Noticed Jessica
  1028 | D:3      | Killed Jessica
  1028 | D:3      | Reached XP level 4. HP: 20/28 MP: 6/6
  1168 | D:3      | Noticed tasslehoff34's ghost (amateur DsCK)
  1202 | D:3      | Slain by tasslehoff34's ghost

Vault maps used:
D:1:      dpeg_arrival_chase
D:2:      evilmike_ruin_ashenzari, gammafunk_pakellas_spire_experiment
D:3:      minmay_vboxes, uniq_jessica

Action                   |  1- 3 |  4- 6 || total
-------------------------+-------+-------++-------
Melee: Short sword       |    46 |    17 ||    63
Evoke: Wand              |       |     3 ||     3
  Use: Potion            |       |     1 ||     1
 Stab: Sleeping          |     6 |     3 ||     9
  Eat: Chunk             |       |     1 ||     1
